Map: Ulrena

Players

HOTSHOTS

  • Race: Terran Terran
  • League: Gold

LilDicky - Winner!

  • Race: Terran Terran
  • League: Diamond

VOD

http://www.twitch.tv/tumescentpie

Description

Time

  • Played on: Dec. 30, 2015, 9:46 p.m.
  • Length: 5:02
Show
View Real Time Build Order
Export as new Build Order

HOTSHOTS Terran 

Build Orders:  

Get SALT Encoding   

  12  0:00  SCV  
  13  0:13  SCV  
  14  0:20  Supply Depot  
  14  0:25  SCV  
  15  0:29  Refinery  
  15  0:42  SCV  
  16  0:46  Barracks  
  16  0:53  Refinery  
  16  0:54  SCV  
  17  1:06  SCV  
  19  1:18  SCV  
  19  1:32  Orbital Command  
  19  1:35  Factory  
  19  1:38  Marine  
  20  1:47  Supply Depot  
  20  1:56  Marine  
  20  1:58  SCV  
  22  2:11  SCV  
  22  2:14  Marine  
  24  2:22  Factory Tech Lab  
  24  2:23  Armory  
  24  2:24  SCV  
  25  2:34  Marine  
  25  2:37  SCV  
  27  2:41  Starport  
  27  2:49  SCV  
  28  2:52  Marine  
  29  3:04  SCV  
  30  3:07  Supply Depot  
  30  3:21  SCV  
  31  3:28  Marine  
  31  3:32  Supply Depot  
  31  3:33  Thor  
  38  3:37  SCV  
  39  3:53  Marine  
  39  3:54  SCV, Medivac  
  43  4:00  Supply Depot  
  43  4:06  SCV  
  44  4:10  Engineering Bay  
  44  4:11  Marine  
  45  4:24  Command Center  
  45  4:28  SCV  
  46  4:38  Marine  
Show
View Real Time Build Order
Export as new Build Order

LilDicky Terran - Winner!

Build Orders: 1/1/1, Liberator Opening 

Get SALT Encoding   

  12  0:01  SCV  
  13  0:13  SCV  
  14  0:18  Supply Depot  
  14  0:26  SCV  
  15  0:32  Refinery  
  15  0:40  SCV  
  16  0:48  Barracks  
  16  0:52  SCV  
  18  1:04  SCV  
  18  1:16  SCV  
  19  1:28  SCV  
  20  1:36  Marine  
  21  1:41  Refinery  
  21  1:42  Orbital Command  
  21  1:44  Factory  
  21  1:49  Supply Depot  
  21  1:55  Marine  
  22  2:09  SCV  
  22  2:12  Marine  
  24  2:23  SCV  
  24  2:29  Factory Tech Lab, Starport  
  25  2:32  Marine  
  25  2:35  SCV  
  27  2:37  Supply Depot  
  27  2:47  SCV  
  27  2:48  Siege Tank  
  31  2:54  Liberator  
  31  2:56  Supply Depot  
  31  2:58  Marine  
  31  3:00  SCV  
  37  3:12  SCV  
  37  3:18  Engineering Bay  
  37  3:22  Supply Depot  
  37  3:30  Siege Tank, Marine  
  37  3:33  SCV  
  42  3:45  SCV  
  43  3:48  Marine  
  43  3:51  Supply Depot  
  47  3:57  Viking  
  46  4:05  Siege Tank  
  46  4:06  SCV  
  50  4:11  Missile Turret  
  50  4:13  Supply Depot  
  50  4:18  SCV, Marine  
Tags
 
Add a new tag
Caveats
  • Supply blocks, unpowered buildings, or Contaminate may cause inaccurate times.
  • Supply counts are checked every 10 seconds.